 Dungeon Crawl Stone Soup version 0.23-a0-550-g7de1f8e (webtiles) character file.

117 kibaces the Insei (level 5, -2/26 HPs)
             Began as a Vine Stalker Transmuter on Dec 8, 2018.
             Slain by Purgy (6 damage)
             ... on level 3 of the Dungeon.
             The game lasted 00:13:40 (3937 turns).

kibaces the Insei (Vine Stalker Transmuter)         Turns: 3937, Time: 00:13:40

Health: -2/26      AC:  3    Str: 14 (17) XL:     5   Next: 1%
Magic:  0/10       EV:  9    Int: 11 (14) God:
Gold:   99         SH:  9    Dex: 14 (15) Spells: 6/9 levels left

rFire    . . .     SeeInvis .     - Unarmed
rCold    . . .     Gourm    .   c - +2 shield
rNeg     . . .     Faith    .   k - +0 leather armour
rPois    .         Spirit   +   (no helmet)
rElec    .         Reflect  .   (no cloak)
rCorr    +         Harm     .   (no gloves)
MR       .....                  (no boots)
Stlth    +.........             (no amulet)
HPRegen  0.48/turn              t - ring of resist corrosion
MPRegen  0.12/turn              (no ring)

@: mighty
A: fangs 2, regeneration 1, magic shield, antimagic bite, no potion heal 3, rot
immunity
a: no special abilities


You were on level 3 of the Dungeon.
You were not hungry.

You visited 1 branch of the dungeon, and saw 3 of its levels.

You collected 99 gold pieces.

Inventory:

Hand Weapons
 p - a +0 blowgun
Missiles
 a - 50 arrows
 j - 50 stones (quivered)
 u - 12 poisoned needles
Armour
 b - a +0 robe
 c - a +2 shield (worn)
 k - a +0 leather armour (worn)
Jewellery
 t - a ring of resist corrosion (left hand)
Wands
 n - a wand of disintegration (16)
 q - a wand of iceblast (4)
Scrolls
 i - a scroll of magic mapping {unknown}
 l - a scroll of fear {unknown}
 m - a scroll of remove curse
 o - a scroll of blinking {unknown}
 s - a scroll of teleportation {unknown}
Potions
 e - a potion of berserk rage {unknown}
 f - a potion of degeneration
 g - 2 potions of heal wounds
 h - a potion of might
 r - a potion of resistance {unknown}
Comestibles
 d - a ration


   Skills:
 + Level 1.7 Fighting
 + Level 2.1 Dodging
 + Level 1.0 Shields
 + Level 3.5 Unarmed Combat
 + Level 2.9 Spellcasting
 + Level 2.8 Transmutations


You had 6 spell levels left.
You knew the following spells:

 Your Spells              Type           Power        Failure   Level  Hunger
a - Beastly Appendage     Tmut           #.....       54%         1    #......
b - Sticks to Snakes      Tmut           #.......     67%         2    ###....

Your spell library contained the following spells:

 Spells                   Type           Power        Failure   Level  Hunger
 Spider Form              Tmut/Pois      #.........   98%         3    ###....
 Ice Form                 Ice/Tmut       #.......     100%        4    #####..
 Blade Hands              Tmut           #.........   100%        5    ######.


Dungeon Overview and Level Annotations

Branches:
Dungeon (3/15)

Altars:
Ru
Trog
Vehumet

Annotations:
D:2 exclusion: downstairs
D:3 Purgy


Innate Abilities, Weirdness & Mutations

You have extremely sharp teeth.
Your natural rate of healing is unusually fast.
When hurt, damage is shared between your health and your magic reserves.
Your bite disrupts and absorbs the magic of your enemies.
Potions cannot restore your health.
You are immune to rotting.


Message History

* * * LOW HITPOINT WARNING * * *
Purgy barely misses you.
Your shield prevents you from hitting Purgy.
Your bite misses Purgy.
Purgy is severely wounded.
Purgy bites you.
* * * LOW HITPOINT WARNING * * *
Purgy claws you. x2
* * * LOW HITPOINT WARNING * * *
You barely miss Purgy.
Purgy is severely wounded.
Purgy bites you but does no damage. You block Purgy's attack.
Purgy closely misses you.
You closely miss Purgy.
Purgy is severely wounded.
Purgy barely misses you. x2; You block Purgy's attack.
Your shield prevents you from hitting Purgy.
Purgy is severely wounded.
Purgy bites you.
You die...

#....# #......#.)..
#....# #...........
#....# #......#....
#.<..#######.......
#...)...# ##......
##.####.# #......
#.# #.# #...... #.#
#.. ... #@#####.#
... ##T......# #..
#......... .# ...
#....###.....#.....
#..(.#...##..#.....
#....#....#..#.....
#......._..........
#.(#.(#....#.......
#..#..##.[.#...$...


You could see Purgy.

Vanquished Creatures
  An orc wizard (D:2)
  A gnoll (D:1)
  2 adders (D:2)
  A worm (D:2)
  4 dart slugs
  A ball python (D:1)
  3 giant cockroaches
  7 goblins
  9 hobgoblins
  12 kobolds
  A quokka (D:2)
  4 bats
  6 frilled lizards
  6 rats
58 creatures vanquished.

Notes
Turn   | Place    | Note
-------+----------+-------------------------------------------
     0 | D:1      | kibaces the Vine Stalker Transmuter began the quest for the
                  | Orb.
     0 | D:1      | Reached XP level 1. HP: 9/9 MP: 4/4
   175 | D:1      | Reached skill level 1 in Fighting
   399 | D:1      | Reached XP level 2. HP: 13/14 MP: 6/6
   406 | D:1      | Learned a level 2 spell: Sticks to Snakes
  1177 | D:1      | Reached XP level 3. HP: 14/18 MP: 4/7
  2246 | D:2      | Gained mutation: Your natural rate of healing is unusually
                  | fast. [Vine Stalker growth]
  2246 | D:2      | Reached XP level 4. HP: 14/22 MP: 7/9
  2534 | D:2      | Found a radiant altar of Vehumet.
  2749 | D:2      | Found a sacrificial altar of Ru.
  2961 | D:2      | Reached skill level 1 in Shields
  3471 | D:3      | Found a bloodstained altar of Trog.
  3830 | D:3      | Reached XP level 5. HP: 25/26 MP: 10/10
  3834 | D:3      | Noticed Purgy
  3937 | D:3      | Slain by Purgy

Vault maps used:
D:1:      minmay_arrival_four_houses
D:2:      fiery_altar_vehumet, nicolae_ru_great_annihilating_truth
D:3:      nicolae_overflow_crystal_walls, kennysheep_generic_room_11, uniq_purgy

Skill      XL: |  1  2  3  4 |
---------------+-------------+-----
Fighting       | 1 |  1.7
Dodging        | 2 |  2.1
Shields        | 1 |  1.0
Unarmed Combat | |  3.5
Spellcasting   | |  2.9
Transmutations | |  2.8

Action                   |  1- 3 |  4- 6 || total
-------------------------+-------+-------++-------
Melee: Unarmed           |   108 |    97 ||   205
       Headbutt          |     6 |       ||     6
       Bite              |    25 |    18 ||    43
       Kick              |       |     1 ||     1
 Fire: Blowgun           |       |     3 ||     3
Throw: Stone             |     4 |    29 ||    33
 Cast: Beastly Appendage |     8 |     1 ||     9
Evoke: Wand              |       |     1 ||     1
  Use: Potion            |       |     3 ||     3
       Scroll            |       |     1 ||     1
 Stab: Sleeping          |     1 |       ||     1
  Eat: Chunk             |     1 |     2 ||     3
       Ration            |     1 |     1 ||     2
Armor: Robe              |     5 |       ||     5
       Leather armour    |     4 |    25 ||    29
Dodge: Dodged            |    30 |    48 ||    78
Block: Shield            |    34 |    56 ||    90

Table legend:
 A = Non-vault XP
 B = Vault XP
 C = Vault XP percentage of total XP
 D = Non-vault monster count
 E = Vault monster count
 F = Vault count percentage of total count
                 A         B        C        D         E       F
            +---------+---------+-------+---------+---------+-------
      Total |     129 |      39 |  23.2 |      54 |       4 |   6.9
            +---------+---------+-------+---------+---------+-------
        D:1 |      63 |       0 |   0.0 |      27 |       0 |   0.0
        D:2 |      55 |      39 |  41.5 |      19 |       4 |  17.4
        D:3 |      11 |       0 |   0.0 |       8 |       0 |   0.0
            +---------+---------+-------+---------+---------+-------
